AoeStats
← I HCP I

Arena

507033517Analyzed
1v1 RM · 16d ago on Sep 16, 2026· 51m 54s· 2 players
Game mode
Random Map
Map size
Tiny (2 player)
Population
200
Speed
Normal
Resources
Standard
Victory
Conquest
Starting age
Dark Age
Ending age
Imperial Age
RankedLock teamsTeams togetherTeam positionsShared explorationLock speedFull tech treeHidden civsTurbo modeCheats
Victory
Defeat
862
+15
🇬🇧 Bulgarians · United Kingdom
833
-15
别打我,我是纯新手!
1:29 Loom
9:57 Feudal Age
18:59 Fletching
20:20 Padded Archer Armor
27:56 Castle Age
27:36 Bloodlines
30:13 Wheelbarrow
30:10 Town Watch
33:56 Crossbowman
36:33 Hand Cart
43:02 Double-Bit Axe
45:29 Bodkin Arrow
48:08 Imperial Age
45:40 Town Patrol
45:57 Bow Saw
46:48 Scale Mail Armor
46:59 Forging
50:30 Gold Mining
50:30 Stone Mining
50:30 Elite Samurai
51:53 Chain Mail Armor
52:13 Iron Casting
52:31 Conscription
I HCP I
10:01 Loom
11:47 Feudal Age
16:00 Double-Bit Axe
25:17 Fletching
30:45 Castle Age
30:48 Horse Collar
34:16 Bloodlines
34:17 Scale Barding Armor
35:59 Padded Archer Armor
45:35 Husbandry
48:36 Bodkin Arrow
Connection lost

Rejoining the realm…

Still unreachable

The connection could not be restored.

Session expired

The server has moved on; the page needs a fresh start.